 Dungeon Crawl Stone Soup version 0.26.1-11-gd32895ea62 (webtiles) character file.

Game seed: 17836674606008871876

7197 grovkorv the Poker (level 10, -11/70 (77) HPs)
             Began as a Demonspawn Hunter on July 7, 2021.
             Was a High Priest of Okawaru.
             Collided with a rock wall (26 damage)
             ... caused by a lich
             ... on level 2 of the Abyss on July 8, 2021.
             The game lasted 00:55:13 (11077 turns).

grovkorv the Poker (Demonspawn Hunter)             Turns: 11077, Time: 00:55:14

HP:   -11/70 (77)   AC: 20    Str: 14    XL:     10   Next: 87%
MP:   0/10          EV:  3    Int: 13    God:    Okawaru [*****.]
Gold: 620           SH: 10    Dex: 15    Spells: 9/9 levels left

rFire    + + .     SeeInvis .   b - +3 spear (vamp)
rCold    + + .     Faith    .   O - +2 shield of Resistance {rF++ rC++ Will++}
rNeg     . . .     Spirit   +   P - +0 plate armour
rPois    .         Reflect  .   (no helmet)
rElec    .         Harm     .   N - +2 cloak
rCorr    .         Rampage  .   R - +0 pair of gloves
Will     +++..                  (no boots)
Stlth    ..........             G - amulet of regeneration
HPRegen  0.61/turn              J - ring of willpower
MPRegen  0.12/turn              Y - ring of stealth

@: mighty, about to teleport, drained
A: hooves 1, slimy green scales 2, powered by pain 2, magic shield
a: Renounce Religion, Heroism, Finesse


You were on level 2 of the Abyss.
You worshipped Okawaru.
Okawaru was extremely pleased with you.
You visited 2 branches of the dungeon, and saw 11 of its levels.
You visited the Abyss 1 time.
You also visited: Sewer.

You collected 620 gold pieces.

Inventory:

Hand Weapons
 a - a +1 hand crossbow
 b - a +3 vampiric spear (weapon)
 m - a +0 hunting sling
 v - a +4 great sword
 x - a +0 quick blade
 L - a +0 shortbow
Missiles
 d - 126 bolts
 g - 58 poisoned darts (quivered)
 l - 37 sling bullets
 z - 211 arrows
 D - 238 stones
 T - 7 boomerangs
 Z - 3 silver boomerangs
Armour
 N - a +2 cloak (worn)
 O - the +2 shield of Resistance (worn) {rF++ rC++ Will++}
   (You found it on level 9 of the Dungeon)

   It greatly protects you from fire.
   It greatly protects you from cold.
   It affects your willpower, your defense against some magical effects.
 P - a +0 plate armour (worn)
 R - a +0 pair of gloves (worn)
Jewellery
 h - a +6 ring of intelligence
 G - an amulet of regeneration (around neck)
 J - a ring of willpower (left hand)
 Y - a ring of stealth (right hand)
Wands
 A - a wand of polymorph (5)
 E - a wand of random effects (17)
 F - a wand of paralysis (5)
 K - a wand of iceblast (6)
 U - a wand of disintegration (20)
Scrolls
 e - a scroll of random uselessness {unknown}
 f - 7 scrolls of remove curse
 i - 2 scrolls of enchant armour
 o - 7 scrolls of teleportation
 q - 3 scrolls of fear
 w - a scroll of noise {unknown}
 y - 5 scrolls of fog
 C - 3 scrolls of magic mapping
 H - 2 scrolls of immolation
 S - a scroll of summoning {unknown}
 V - a scroll of blinking {unknown}
 W - a scroll of silence {unknown}
Potions
 c - a potion of flight {unknown}
 j - a potion of cancellation {unknown}
 k - 7 potions of haste
 n - 2 potions of brilliance
 p - 2 potions of degeneration {unknown}
 r - 2 potions of might
 s - 3 potions of lignification {unknown}
 t - 2 potions of mutation {unknown}
 u - 4 potions of heal wounds
 B - 3 potions of magic
 I - 8 potions of curing
 M - a potion of attraction {unknown}


   Skills:
 * Level 6.9 Fighting
 - Level 1.6 Short Blades
 * Level 7.9 Polearms
 * Level 7.8 Crossbows
 * Level 6.1 Armour
 * Level 5.0 Dodging
 + Level 1.0 Stealth
 * Level 1.2 Shields
 * Level 4.8 Evocations


You had 9 spell levels left.
You didn't know any spells.
Your spell library contained the following spells:

 Spells                   Type           Power        Failure   Level
 Foxfire                  Conj/Fire      0%           100%        1
 Summon Small Mammal      Summ           0%           100%        1
 Call Imp                 Summ           0%           100%        2
 Call Canine Familiar     Summ           0%           100%        3
 Conjure Flame            Conj/Fire      0%           100%        3
 Inner Flame              Hex/Fire       0%           100%        3
 Summon Guardian Golem    Hex/Summ       0%           100%        3
 Sticky Flame             Conj/Fire      0%           100%        4
 Summon Ice Beast         Ice/Summ       0%           100%        4
 Summon Lightning Spire   Summ/Air       0%           100%        4
 Fireball                 Conj/Fire      0%           100%        5


Dungeon Overview and Level Annotations

Branches:
Dungeon (10/15)            Temple (1/1) D:5            Lair (0/6) D:9
  Sewer (visited)
    Orc: D:9-12

Altars:
Ashenzari
Cheibriados
Dithmenos
Elyvilon
Fedhas
Gozag
Hepliaklqana
Kikubaaqudgha
Makhleb
Nemelex Xobeh
Okawaru
Qazlal
Ru
Sif Muna
Trog
Uskayaw
Vehumet
Wu Jian
Xom
Yredelemnul
Zin
The Shining One

Shops:
D:5 [   D:6 ?   D:7 (   D:8 [

Annotations:
D:9 2 transporters, kthxbai's ghost, novice DEIE
D:10 Psyche


Innate Abilities, Weirdness & Mutations

You have large cloven feet.
You are mostly covered in slimy green scales. (AC +3)
You sometimes gain power by taking damage.
When hurt, damage is shared between your health and your magic reserves.


Message History

* * * LOW HITPOINT WARNING * * *
You feel much better.
Something touches you but does no damage.
You closely miss something. You kick something. Something touches you.
You puncture something! You kick something! You barely miss something.
Something touches you but does no damage.
You closely miss something.
Something touches you but does no damage.
You hit something but do no damage. Your kick misses something.
You hear some strange, mumbled words.
You closely miss something. Your kick misses something.
You hear some strange, mumbled words.
A lance of force appears from out of thin air!
The lance of force hits you!!
* * * LOW HITPOINT WARNING * * *
You focus on the pain.
You feel your power returning.
You are knocked back by the lance of force.
You slam into the rock wall!
You die...

### # #@#### #.
##{.2#. #
#.##..#
###....#.##
#..... ....#
#..##.#####≈#≈♣
# ##1.# ≈≈≈# #
# .## ≈≈ #.#
#.#


You could see a cacodemon (summoned).

Vanquished Creatures
  Pikel (D:6)
  An ugly thing (D:8)
  Maurice (D:8)
  A flying skull (Abyss:2)
  3 wyverns
  6 yaks (D:10)
  A water moccasin (D:9)
  2 orc warriors
  A black bear (D:8)
  4 phantoms
  2 ice beasts
  A small abomination (Abyss:2)
  An eye of draining (D:9)
  3 ogres
  A wolf (D:10)
  5 centaurs
  A big kobold (D:7)
  5 bullfrogs
  A wyvern zombie (D:8)
  3 scorpions
  5 killer bees (D:7)
  8 wights
  3 howler monkeys
  A centaur zombie (D:6)
  A jelly (D:7)
  3 orc wizards
  5 orc priests
  A bullfrog skeleton (D:7)
  9 hounds
  A gnoll shaman (D:8)
  3 iguanas
  8 worker ants
  A hound zombie (D:6)
  A howler monkey zombie (D:10)
  3 worker ant zombies
  6 gnolls
  7 river rats (Sewer)
  22 adders
  2 shadow imps (D:6)
  5 white imps
  2 ufetubi
  2 oozes
  2 worms (D:2)
  6 dart slugs
  5 leopard geckos
  39 orcs
  10 ball pythons
  6 bats
  7 giant cockroaches
  9 goblins
  5 hobgoblins
  6 jackals (D:5)
  10 kobolds
  5 quokkas
  A ball python zombie (D:6)
  10 frilled lizards
  A jackal skeleton (D:5)
  A leopard gecko zombie (D:6)
  A quokka skeleton (D:6)
  31 rats
298 creatures vanquished.

Notes
Turn   | Place    | Note
-------+----------+-------------------------------------------
     0 | D:1      | grovkorv the Demonspawn Hunter began the quest for the Orb.
     0 | D:1      | Reached XP level 1. HP: 16/16 MP: 1/1
   238 | D:1      | Gained mutation: You sometimes gain a little power by
                  | taking damage. [demonic ancestry]
   238 | D:1      | Reached XP level 2. HP: 17/22 MP: 2/2
   594 | D:1      | Reached skill level 1 in Short Blades
   734 | D:1      | Reached XP level 3. HP: 27/27 MP: 3/3
   797 | D:2      | Found a snail-covered altar of Cheibriados.
  1562 | D:2      | Gained mutation: You are partially covered in slimy green
                  | scales. (AC +2) [demonic ancestry]
  1562 | D:2      | Reached XP level 4. HP: 33/33 MP: 4/4
  1615 | D:2      | Found a broken altar of Ashenzari.
  1735 | D:2      | Noticed an earth elemental
  1736 | D:2      | Found a stormy altar of Qazlal.
  1739 | D:2      | Noticed an air elemental
  1739 | D:2      | Noticed a water elemental
  1739 | D:2      | Noticed a fire elemental
  1923 | D:2      | Reached skill level 1 in Armour
  2660 | D:3      | Found a sacrificial altar of Ru.
  2773 | D:3      | Found a burning altar of Makhleb.
  2781 | D:3      | Gained mutation: You sometimes gain power by taking damage.
                  | [demonic ancestry]
  2781 | D:3      | Reached XP level 5. HP: 37/39 MP: 5/5
  2815 | D:3      | Found a white marble altar of Elyvilon.
  3265 | D:3      | Reached skill level 1 in Polearms
  3285 | D:3      | Reached skill level 5 in Crossbows
  3590 | D:4      | Gained mutation: You have large cloven feet. [demonic
                  | ancestry]
  3590 | D:4      | Reached XP level 6. HP: 43/47 MP: 6/6
  3766 | D:4      | Found an iron altar of Okawaru.
  3780 | D:4      | Became a worshipper of Warmaster Okawaru
  3792 | D:4      | Reached skill level 1 in Evocations
  3845 | D:4      | Reached XP level 7. HP: 52/52 MP: 7/7
  3913 | D:4      | Reached skill level 1 in Stealth
  4242 | D:4      | Found a blossoming altar of Fedhas.
  4348 | D:5      | Entered Level 5 of the Dungeon
  4501 | D:5      | Found a glowing drain.
  4540 | Sewer    | Entered a sewer
  4597 | Sewer    | Reached * piety under Okawaru
  5296 | Sewer    | Reached XP level 8. HP: 59/60 MP: 8/8
  5474 | D:5      | Found Ypnutt's Antique Armour Shop.
  5640 | D:5      | Found a staircase to the Ecumenical Temple.
  5713 | Temple   | Entered the Ecumenical Temple
  6602 | D:6      | Reached ** piety under Okawaru
  6742 | D:6      | Found Fifautt's Magic Scroll Shoppe.
  6771 | D:6      | Noticed Pikel
  6785 | D:6      | Killed Pikel
  6786 | D:6      | Reached skill level 5 in Fighting
  6786 | D:6      | Gained mutation: You are mostly covered in slimy green
                  | scales. (AC +3) [demonic ancestry]
  6786 | D:6      | Reached XP level 9. HP: 45/68 MP: 9/9
  7467 | D:7      | Reached *** piety under Okawaru
  7620 | D:7      | Reached skill level 5 in Polearms
  7830 | D:7      | Found Hips's Antique Weapon Shoppe.
  8288 | D:7      | Found a glowing golden altar of the Shining One.
  8423 | D:7      | Found an ornate altar of the Wu Jian Council.
  8453 | D:8      | Reached skill level 5 in Armour
  8616 | D:8      | Reached **** piety under Okawaru
  8618 | D:8      | Noticed Maurice
  8681 | D:8      | Paralysed by something for 3 turns
  8694 | D:8      | Killed Maurice
  8837 | D:8      | Gained mutation: When hurt, damage is shared between your
                  | health and your magic reserves. [demonic ancestry]
  8837 | D:8      | Reached XP level 10. HP: 46/76 MP: 10/10
  8978 | D:8      | Found Hoemnaki's Armour Boutique.
  9013 | D:8      | Found a bloodstained altar of Trog.
  9013 | D:8      | Found a shimmering altar of Xom.
  9063 | D:8      | Noticed a green ugly thing
  9093 | D:8      | Killed a green ugly thing
  9854 | D:9      | Reached ***** piety under Okawaru
 10041 | D:9      | Noticed a two-headed ogre
 10044 | D:9      | Found a transporter.
 10064 | D:9      | Found a white marble altar of Elyvilon.
 10314 | D:9      | Found a staircase to the Lair.
 10468 | D:9      | Noticed a moth of wrath
 10530 | D:9      | Found the +2 shield of Resistance {rF++ rC++ Will++}
 10547 | D:9      | Found a transporter.
 10552 | D:9      | Identified the cursed +0 quarterstaff "Jelly's Nightmare"
                  | {antimagic, +Fly}
 10554 | D:9      | Noticed kthxbai's ghost (novice DEIE)
 10557 | D:9      | Identified the +4 glaive "Tougell" {antimagic, *Noise rPois
                  | Dex-5 SInv}
 10557 | D:9      | Noticed a tengu warrior
 10627 | D:9      | Found a bloodstained altar of Trog.
 10664 | D:10     | Entered Level 10 of the Dungeon
 10859 | D:10     | Noticed Psyche
 10897 | D:10     | Received a gift from Okawaru
 10926 | D:10     | Reached skill level 1 in Shields
 10944 | D:10     | Reached skill level 5 in Dodging
 10954 | D:10     | Cast into level 2 of the Abyss (Psyche)
 11019 | Abyss:2  | Noticed a wretched star
 11052 | Abyss:2  | Noticed a lich
 11057 | Abyss:2  | Noticed a Tzitzimitl
 11077 | Abyss:2  | Noticed a cacodemon
 11077 | Abyss:2  | Collided with a rock wall

Illustrated notes

Levels and vault maps discovered:
D:1:      dpeg_arrival_refuge, layout_basic
D:2:      layout_basic, kennysheep_slug_shrine, lemuel_coloured_pillars_altar,
          nicolae_qazlal_style_of_elements
D:3:      minmay_general_purpose_star, layout_rooms, marbit_many_paths,
          elyvilon_altar_5, makhleb_blood_cavern_becter
D:4:      layout_rooms, nicolae_overflow_crystal_walls, lemuel_doored_altar,
          serial_co_window_serial, co_window_paths_a, co_window_corner_a,
          co_window_paths_a, co_window_paths_a, co_window_of_opportunity_a,
          co_window_of_opportunity_c, co_window_corner_ca, co_window_paths_c,
          co_window_broadway_b, co_window_corner_b, co_window_corner_cb,
          co_window_broadway_c
D:5:      layout_gridville, minmay_temple_entry_statues_fountains, serial_shops,
          shop_statue, gup_sewer_entry_glass
D:6:      minmay_inner_zag, layout_gridville, serial_shops,
          kennysheep_mini_moat, minmay_crossroads, uniq_pikel
D:7:      layout_loops_cross, general_overflow_altar, tso_oasis_becter,
          serial_shops, shop, minmay_between
D:8:      layout_basic, gammafunk_temple_overflow_wave, serial_shops, shop,
          minmay_chambers_of_fives, uniq_maurice
D:9:      layout_rooms, lair_entry_dummy, basic_altar,
          gammafunk_ghost_wrathful_warriors
D:10:     layout_roguey, minmay_orc_entry_temple_small, serial_ice,
          serial_ice_h, serial_ice_g, serial_ice_l, serial_ice_n,
          hangedman_stone_soup, uniq_psyche
Temple:   nicolae_temple_hex_pool
Abyss:2:  base: D:5, evilmike_abyss_exit_1

Skill      XL: |  1  2  3  4  5  6  7  8  9 10 |
---------------+-------------------------------+-----
Crossbows      | 4 5 6 7 |  7.8
Short Blades   | 1 |  1.6
Dodging        | 2 3 4 5 |  5.0
Armour         | 1 2 3 4 5 6 |  6.1
Polearms       | 1 2 3 4 6 7 |  7.9
Fighting       | 3 4 5 6 |  6.9
Evocations     | 1 2 3 4 |  4.8
Stealth        | 1 |  1.0
Shields        | 1 |  1.2

Action                   |  1- 3 |  4- 6 |  7- 9 | 10-12 || total
-------------------------+-------+-------+-------+-------++-------
Melee: Short sword       |    66 |    46 |       |       ||   112
       Spear             |       |   122 |   632 |   376 ||  1130
       Kick              |       |     5 |   150 |   112 ||   267
 Fire: Hand crossbow     |    64 |    70 |   179 |    47 ||   360
  Use: Scroll            |     1 |     1 |    10 |     4 ||    16
       Potion            |       |       |     2 |     2 ||     4
 Stab: Sleeping          |       |       |     1 |       ||     1
       Distracted        |       |       |     1 |       ||     1
Armor: Leather armour    |    11 |       |       |       ||    11
       Ring mail         |     5 |    75 |    46 |       ||   126
       Chain mail        |       |       |   183 |       ||   183
       Plate armour      |       |       |   172 |   176 ||   348
Dodge: Dodged            |    40 |   109 |   239 |    58 ||   446
Block: Kite shield       |       |       |       |    38 ||    38
